 Dungeon Crawl Stone Soup version 0.29.1-13-g9f3cf754e1 (webtiles) character file.

Game seed: 2285539081976529003

35 Exodus22XD the Trooper (level 3, -7/33 HPs)
             Began as a Minotaur Fighter on Feb 4, 2023.
             Was a Follower of the Shining One.
             Engulfed by a cloud of flame (23 damage)
             ... on level 1 of the Dungeon.
             The game lasted 00:01:37 (998 turns).

Exodus22XD the Trooper (Minotaur Fighter)            Turns: 998, Time: 00:01:37

Health: -7/33      AC:  9    Str: 22    XL:     3   Next: 17%
Magic:  2/2        EV:  9    Int:  5    God:    the Shining One [*.....]
Gold:   19         SH:  9    Dex:  9    Spells: 2/2 levels left

rFire   . . .      SeeInvis .   a - +0 war axe
rCold   . . .      Faith    .   c - +0 buckler
rNeg    . . .      Spirit   .   b - +0 scale mail
rPois   .          Reflect  +   (helmet restricted)
rElec   .          Harm     .   (no cloak)
rCorr   .          Rampage  .   j - +1 pair of gloves
Will    .....                   (no boots)
Stlth   ..........              f - amulet of reflection
HPRegen 0.11/turn               (no ring)
MPRegen 0.08/turn               (no ring)

@: glowing
A: horns 2, retaliatory headbutt
a: Renounce Religion, Divine Shield


You were on level 1 of the Dungeon.
You worshipped the Shining One.
The Shining One was aware of your devotion.
You visited 1 branch of the dungeon, and saw 2 of its levels.

You collected 19 gold pieces.

Inventory:

Hand Weapons
 a - a +0 war axe (weapon)
Armour
 b - a +0 scale mail (worn)
 c - a +0 buckler (worn)
 j - a +1 pair of gloves (worn)
Jewellery
 f - an amulet of reflection (around neck)
Scrolls
 e - a scroll of poison {unknown}
 g - 4 scrolls of identify {unknown}
 m - a scroll of summoning {unknown}
Potions
 d - a potion of might
 h - a potion of curing {unknown}
 i - 2 potions of attraction {unknown}
 k - a potion of heal wounds {unknown}
 l - a potion of lignification {unknown}


   Skills:
 + Level 4.2 Fighting
 + Level 2.9 Axes
 + Level 4.1 Armour
 + Level 4.0 Shields


You had 2 spell levels left.
You didn't know any spells.
Your spell library was empty.

Dungeon Overview and Level Annotations

Branches:
Dungeon (2/15)

Altars:
The Shining One


Innate Abilities, Weirdness & Mutations

You have a pair of horns on your head.
You reflexively headbutt those who attack you in melee.


Message History

A kobold is nearby!
You hit the kobold but do no damage. The kobold hits you with a +0 dagger.
You block the kobold's attack.
A kobold is nearby!
You barely miss the kobold. You block the kobold's attack.
You hit the kobold but do no damage. The kobold closely misses you.
The kobold barely misses you.
You barely miss the kobold. The kobold closely misses you.
You furiously retaliate!
You headbutt the kobold. You slash the kobold!
You kill the kobold!
No target in view!
No target in view!
Things that are here:
a +0 dagger; 4 stones
Found a sling.
No target in view!
l - a cyan potion An endoplasm comes into view.
The endoplasm quivers.
An endoplasm is nearby!
The endoplasm closely misses you.
You slash the endoplasm!
You kill the endoplasm!
You see here a +0 sling.
A quokka comes into view.
You slash the quokka!
You kill the quokka!
No target in view!
Partly explored, can't reach some items and places.
Partly explored, can't reach some items and places.
Unknown command.
Really walk into a travel-excluded area?
Really walk into that cloud of flame?
You are engulfed in blazing flames.
Ouch! That really hurt!
m - a scroll labelled BITAUV YTEZAJ You are engulfed in blazing flames.
Ouch! That really hurt!
You die...

#.#.....#............## ######
#.#.###.#...###.#.#...###..._.
#.### ##...## ##..#...........
####.# #☼..# ##......###...#
.....# #§○☼# #....>......##
###### #§§○# #......####.#
#####...######.#...## #.#
##.§○§.....☼§§...##.## #.#
#####..§§..[...○@☼...##.# #.#
.......§°§.))..§§§.#....# #.#
.##########...######.####
####.# .# #§☼○# #.# ##....# .#
#§.§# ##.#####...### ## #§○☼#
#...........#
#...######.#####....# #####
##.##.##.#.######.#.# ####...#
#....##.#.....##.#.#


There were no monsters in sight!

Vanquished Creatures
  An adder (D:2)
  A dart slug (D:1)
  4 endoplasms
  2 goblins (D:1)
  A hobgoblin (D:1)
  3 kobolds (D:1)
  A quokka (D:1)
  4 ball pythons
  4 bats (D:1)
  A frilled lizard (D:1)
22 creatures vanquished.

Notes
Turn   | Place    | Note
-------+----------+-------------------------------------------
     0 | D:1      | Exodus22XD the Minotaur Fighter began the quest for the
                  | Orb.
     0 | D:1      | Reached XP level 1. HP: 19/19 MP: 0/0
   200 | D:1      | Found a faded altar of an unknown god.
   209 | D:1      | Prayed at the altar of an unknown god.
   209 | D:1      | Became a worshipper of the Shining One
   209 | D:1      | Reached * piety under the Shining One
   254 | D:1      | Reached XP level 2. HP: 27/27 MP: 1/1
   493 | D:1      | You fall into a shaft and drop 1 floor!
   652 | D:1      | Reached XP level 3. HP: 33/33 MP: 2/2
   998 | D:1      | Engulfed by a cloud of flame

Illustrated notes

Levels and vault maps discovered:
D:1:      dreamdust_arrival_sigmund_warning, layout_loops_ring,
          basic_ecumenical_altar, minmay_misc_feat_iff, lemuel_flame_loot_1
D:2:      layout_rooms, uniq_robin

Skill      XL: |  1  2 |
---------------+-------+-----
Fighting       | 4 |  4.2
Armour         | 4 |  4.1
Shields        | 4 |  4.0
Axes           | |  2.9

Action                   || total
-------------------------++-------
Melee: War axe           ||    36
       Headbutt          ||     3
Armor: Scale mail        ||     8
Dodge: Dodged            ||    15
Block: Buckler           ||    13
       Reflection        ||     1
